 Dungeon Crawl Stone Soup version 0.30-a0-269-gf0224bf7b6 (webtiles) character file.

Game seed: 1838735803772418991

175 Anon1729 the Trooper (level 5, -2/37 HPs)
             Began as a Mummy Monk on Oct 14, 2022.
             Was a Believer of Hepliaklqana.
             Slain by a gnoll
             ... wielding a +0 flail
             ... led by a gnoll bouda
              (4 damage)
             ... on level 4 of the Dungeon.
             The game lasted 00:02:22 (2162 turns).

Anon1729 the Trooper (Mummy Monk)                   Turns: 2162, Time: 00:02:22

Health: -2/37      AC:  5    Str: 17    XL:     5   Next: 29%
Magic:  5/5        EV: 11    Int:  9    God:    Hepliaklqana [**....]
Gold:   104        SH:  0    Dex: 14    Spells: 4/4 levels left

rFire   x . .      SeeInvis .    a - +0 spear
rCold   + . .      Faith    +    (no shield)
rNeg    + + +      Spirit   .    l - +0 ring mail
rPois   ∞          Reflect  .    (no helmet)
rElec   .          Harm     .    (no cloak)
rCorr   .          Rampage  .    (no gloves)
Will    .....                    (no boots)
Stlth   +.........               (no amulet)
HPRegen 0.26/turn                (no ring)
MPRegen 0.09/turn                (no ring)

@: no status effects
A: reduced essence, cold resistance 1, negative energy resistance 3, torment
resistance 2, heat vulnerability 1, in touch with death 1, no potions, faith
a: Renounce Religion, Recall Ancestor, Ancestor Identity


You were on level 4 of the Dungeon.
You worshipped Hepliaklqana.
Hepliaklqana was pleased with you.
You visited 1 branch of the dungeon, and saw 4 of its levels.

You collected 104 gold pieces.

Inventory:

Hand Weapons
 a - a +0 spear (weapon)
Armour
 b - a +0 robe
 l - a +0 ring mail (worn)
Scrolls
 c - a scroll of magic mapping {unknown}
 d - 5 scrolls of teleportation {unknown}
 e - 2 scrolls of blinking {unknown}
 f - a scroll of torment {unknown}
 g - a scroll of noise {unknown}
 h - 2 scrolls of summoning {unknown}
 i - a scroll of amnesia {unknown}
 j - a scroll of identify {unknown}
 k - a scroll of fear {unknown}


   Skills:
 + Level 3.7 Fighting
 + Level 3.1 Polearms
 + Level 1.4 Armour
 + Level 3.1 Dodging
 + Level 2.6 Stealth


You had 4 spell levels left.
You didn't know any spells.
Your spell library was empty.

Dungeon Overview and Level Annotations

Branches:
Dungeon (4/15)
 Temple: D:4-7

Altars:
Hepliaklqana
Wu Jian


Innate Abilities, Weirdness & Mutations

Your life essence is reduced to manifest your ancestor. (-10% HP)
You are immune to poison.
Your flesh is cold resistant. (rC+)
You are immune to negative energy. (rN+++)
You are immune to unholy pain and torment.
You are vulnerable to heat. (rF-)
You are in touch with the powers of death.
You do not drink.
You have a special connection with the divine. (Faith)


Message History

Zola gestures at the gnoll while chanting.
The stone arrow hits the gnoll!
The gnoll dies!
The gnoll bouda attacks as you move away!
The gnoll bouda hits you with a +0 club!
The gnoll attacks as you move away! The gnoll barely misses you.
There is a stone staircase leading down here.
The gnoll attacks as you move away! The gnoll barely misses you.
The gnoll bouda barks out a call to the hunt!
The gnolls pick up the pace!
Zola casts a spell at the gnoll bouda.
The puff of frost hits the gnoll bouda!
Found 13 gold pieces.
The gnoll barely misses you. The gnoll attacks as you move away!
The gnoll closely misses you.
Zola casts a spell at the gnoll bouda.
The puff of frost hits the gnoll bouda!
The gnoll bouda dies!
There is a stone staircase leading up here.
You hit the gnoll but do no damage.
Zola casts a spell at the gnoll.
The stone arrow misses the gnoll.
The gnoll barely misses you.
You closely miss the gnoll.
Zola closely misses the gnoll.
The gnoll closely misses you.
You hit the gnoll.
The gnoll is moderately wounded.
The gnoll barely misses you.
The gnoll hits you with a +0 flail of protection.
You hit the gnoll but do no damage.
The gnoll is moderately wounded.
Zola hits the gnoll with a +0 quarterstaff!
The gnoll hits you with a +0 flail.
The gnoll hits you with a +0 flail of protection.
You hit the gnoll but do no damage.
The gnoll is almost dead.
Zola gestures at the gnoll while chanting.
The puff of frost misses the gnoll.
The gnoll hits you with a +0 flail!
* * * LOW HITPOINT WARNING * * *
The gnoll attacks as you move away! The gnoll closely misses you.
The gnoll attacks as you move away! The gnoll hits you with a +0 flail.
You die...

... #####.... ...#
...$..... .... #........
.. ..... ......... ..#
.....##......#
..#######.............#
..#...................#
..#.............@.....#
..#....)......##gg#####
..#........##...R....##
...........###..>.....+
........##.#..)#)....##
........##..............
........................
................).......
....##..........).....##


You could see the friendly Zola the battlemage and 2 gnolls.

Vanquished Creatures
  A scorpion (D:2)
  2 adders (D:2)
  A worm (D:2)
  A dart slug (D:2)
  2 endoplasms
  2 giant cockroaches
  5 goblins
  7 hobgoblins
  6 kobolds
  7 ball pythons
  2 bats (D:3)
  3 frilled lizards
  2 rats
41 creatures vanquished.

Vanquished Creatures (collateral kills)
  A gnoll bouda (D:4)
  2 gnolls (D:4)
3 creatures vanquished.

Grand Total: 44 creatures vanquished

Notes
Turn   | Place    | Note
-------+----------+-------------------------------------------
     0 | D:1      | Anon1729 the Mummy Monk began the quest for the Orb.
     0 | D:1      | Reached XP level 1. HP: 18/18 MP: 1/1
   234 | D:1      | Found a faded altar of an unknown god.
   467 | D:1      | Reached XP level 2. HP: 24/24 MP: 2/2
  1303 | D:2      | Gained mutation: You are in touch with the powers of death.
                  | [Mummy growth]
  1303 | D:2      | Reached XP level 3. HP: 23/29 MP: 3/3
  1405 | D:3      | Noticed a scorpion
  1647 | D:2      | Killed a scorpion
  1648 | D:2      | Reached skill level 1 in Armour
  1648 | D:2      | Reached XP level 4. HP: 16/36 MP: 4/4
  1931 | D:3      | Found a large runed translucent door.
  1932 | D:3      | Found a large runed translucent door.
  2069 | D:3      | Found an ornate altar of the Wu Jian Council.
  2076 | D:3      | Found a hazy altar of Hepliaklqana.
  2084 | D:3      | Became a worshipper of Hepliaklqana the Forgotten
  2084 | D:3      | Reached * piety under Hepliaklqana
  2084 | D:3      | Reached ** piety under Hepliaklqana
  2085 | D:3      | Remembered your ancestor Zola as a battlemage
  2149 | D:4      | Reached XP level 5. HP: 37/37 MP: 5/5
  2162 | D:4      | Slain by a gnoll

Illustrated notes

Levels and vault maps discovered:
D:1:      minmay_arrival_cross, layout_basic,
          hellmonk_ecumenical_altar_pennies_from_heaven
D:2:      layout_rooms, serial_curves, eino_curves_04, eino_curves_04
D:3:      layout_rooms, jmf_multi_god_temple2
D:4:      layout_basic

Skill      XL: |  1  2  3 |
---------------+----------+-----
Stealth        | 2 |  2.6
Polearms       | 3 |  3.1
Armour         | 1 |  1.4
Dodging        | 3 |  3.1
Fighting       | |  3.7

Action                   |  1- 3 |  4- 6 || total
-------------------------+-------+-------++-------
Melee: Spear             |   134 |    57 ||   191
Invok: Ancestor Life: Ba |       |     1 ||     1
 Stab: Sleeping          |     9 |       ||     9
Armor: Robe              |    15 |       ||    15
       Ring mail         |     4 |    17 ||    21
Dodge: Dodged            |    77 |    33 ||   110

Table legend: (Time is in decaauts)
 A = Elapsed time spent in this place.
 B = Non-inter-level travel time spent in this place.
 C = Inter-level travel time spent in this place.
 D = Time resting spent in this place.
 E = Time spent auto-exploring this place.
 F = Levels seen in this place.
 G = Mean time per level.
                   A        B        C        D        E       F      G
               +--------+--------+--------+--------+--------+-----+--------+
         Total |   2160 |   2078 |     82 |    141 |   1532 |   4 |  540.0 |
       Dungeon |   2160 |   2078 |     82 |    141 |   1532 |   4 |  540.0 |
               +--------+--------+--------+--------+--------+-----+--------+

Top non-repeatable levels by time:
     D:1: 830 daAuts
     D:2: 787 daAuts
     D:3: 501 daAuts
     D:4: 41 daAuts
